 Dungeon Crawl Stone Soup version 0.20.0 (webtiles) character file.

844 MatthieuS the Conjurer (level 7, 0/41 HPs)
             Began as a Deep Elf Conjurer on June 4, 2017.
             Was an Initiate of Vehumet.
             Succumbed to a water moccasin's poison
             ... on level 6 of the Dungeon.
             The game lasted 00:16:22 (5536 turns).

MatthieuS the Conjurer (Deep Elf Conjurer)          Turns: 5536, Time: 00:16:23

Health: 0/41       AC:  4    Str:  7    XL:     7   Next: 68%
Magic:  1/16       EV: 14    Int: 20    God:    Vehumet [......]
Gold:   387        SH:  0    Dex: 15    Spells: 4/18 levels left

rFire    . . .     SeeInvis .   l - +0 hunting sling
rCold    . . .     Gourm    .   (no shield)
rNeg     . . .     Faith    .   a - +0 robe
rPois    .         Spirit   .   (no helmet)
rElec    .         Reflect  .   (no cloak)
rCorr    .         Harm     .   r - +0 pair of gloves
MR       .....                  o - +0 pair of boots
Stlth    ++........             s - amulet of magic regeneration
Regen    0.2/turn               (no ring)
MPRegen  0.3/turn               (no ring)

@: lethally poisoned (0 -> -7), very slightly contaminated
A: low mp 1, robust 1
a: Renounce Religion


You were on level 6 of the Dungeon.
You worshipped Vehumet.
Vehumet was noncommittal.
You were not hungry.

You visited 1 branch of the dungeon, and saw 6 of its levels.

You collected 387 gold pieces.

Inventory:

Hand Weapons
 g - a +0 spear
 l - a +0 hunting sling (weapon)
Missiles
 e - 138 stones
 j - 17 poisoned needles
 p - a sling bullet (quivered)
Armour
 a - a +0 robe (worn)
 o - a +0 pair of boots (worn)
 r - a +0 pair of gloves (worn)
Jewellery
 s - an amulet of magic regeneration (around neck)
Wands
 w - a wand of confusion (26/48)
Scrolls
 n - 2 scrolls of teleportation {unknown}
 q - 2 scrolls of remove curse {unknown}
 t - a scroll of enchant weapon {unknown}
 v - a scroll of enchant armour {unknown}
Potions
 i - 2 potions of flight
 k - a potion of mutation
Books
 b - a book of Conjurations

   Spells                             Type                      Level
   a - Magic Dart                     Conjuration                  1
   b - Searing Ray                    Conjuration                  2
   c - Dazzling Spray                 Conjuration/Hexes            3
   d - Fulminant Prism                Conjuration/Hexes            4
   e - Force Lance                    Conjuration/Translocation    4
   f - Iskenderun's Mystic Blast      Conjuration                  4
Comestibles
 c - 6 bread rations
 d - 2 royal jellies
 m - 6 meat rations


   Skills:
 + Level 1.5 Fighting
 + Level 3.4 Slings
 + Level 3.4 Dodging
 + Level 3.6 Stealth
 + Level 6.0 Spellcasting
 + Level 6.9 Conjurations
 + Level 1.0 Hexes


You had 4 spell levels left.
You knew the following spells:

 Your Spells              Type           Power        Failure   Level  Hunger
a - Magic Dart            Conj           ####         1%          1    None
b - Searing Ray           Conj           ####..       1%          2    None
c - Dazzling Spray        Conj/Hex       ###...       6%          3    ##.....
d - Fulminant Prism       Conj/Hex       ###.......   21%         4    ####...
e - Force Lance           Conj/Tloc      ###.....     24%         4    ####...


Dungeon Overview and Level Annotations

Branches:
Dungeon (6/15)             Temple (0/1) D:6

Altars:
Dithmenos
Elyvilon
Okawaru
Vehumet
Xom

Shops:
D:4 =   D:5 ?

Annotations:
D:4 exclusion: statue
D:6 2 runed doors


Innate Abilities, Weirdness & Mutations

Your magical capacity is low. (-10% MP)
You are robust. (+10% HP)


Message History

* * * LOW HITPOINT WARNING * * *
You are lethally poisoned!
The water moccasin poisons you!
The searing ray hits the water moccasin.
The water moccasin is moderately wounded.
* * * LOW HITPOINT WARNING * * *
You feel sick.
The water moccasin bites you but does no damage.
Okay, then.
* * * LOW HITPOINT WARNING * * *
You feel sick.
Blink to where?
Press: ? - help, Dir - move target cursor, p - water moccasin You are very lightly contaminated with residual magic.
As you read the scroll of blinking, it crumbles to dust.
* * * LOW HITPOINT WARNING * * *
You feel sick.
* * * LOW HITPOINT WARNING * * *
You feel sick.
You die...

..# +.....#S........
..##.?..##.........
..######.S..###..#
#........##.# .#
#.###..## .# #
######.###..###.#
....................
#.#..>........##.##.
#.#.#####@##..# .#
#.#.####.#.#..#
##.#.##..###...#
#...........##.#
##.#.#.#.#.#.# .#
#............#
#..#.......#.#
#............#
#..#...>...#.#


You could see a water moccasin.

Vanquished Creatures
  A phantom (D:5)
  A centaur (D:5)
  3 bullfrogs
  A howler monkey (D:5)
  2 bullfrog skeletons
  A hound (D:4)
  5 worker ants
  A hound skeleton (D:4)
  7 gnolls (D:4)
  6 adders
  A shadow imp (D:6)
  3 oozes
  An adder skeleton (D:4)
  5 worms
  2 dart slugs (D:2)
  3 leopard geckos
  7 orcs
  2 ball pythons
  7 bats
  2 giant cockroaches (D:1)
  6 goblins
  9 hobgoblins
  A quokka (D:4)
  4 frilled lizards
  9 kobolds
  A leopard gecko skeleton (D:4)
  11 rats
102 creatures vanquished.

Notes
Turn   | Place    | Note
-------+----------+-------------------------------------------
     0 | D:1      | MatthieuS the Deep Elf Conjurer began the quest for the Orb.
     0 | D:1      | Reached XP level 1. HP: 10/10 MP: 6/6
   207 | D:1      | Reached XP level 2. HP: 15/15 MP: 5/8
   258 | D:1      | Reached skill level 5 in Conjurations
   385 | D:1      | Learned a level 2 spell: Searing Ray
   578 | D:1      | Reached XP level 3. HP: 19/19 MP: 6/9
  1035 | D:2      | Found a white marble altar of Elyvilon.
  1043 | D:2      | Found an iron altar of Okawaru.
  1059 | D:2      | Found a shimmering altar of Xom.
  1791 | D:3      | Reached XP level 4. HP: 8/24 MP: 3/11
  2236 | D:3      | Reached skill level 1 in Slings
  2806 | D:4      | Reached XP level 5. HP: 5/28 MP: 4/13
  3055 | D:4      | Found a radiant altar of Vehumet.
  3055 | D:4      | Noticed a frost-covered statue
  3165 | D:4      | Gained mutation: Your flesh is heat resistant. (rF+) [potion of mutation]
  3165 | D:4      | Lost mutation: Your flesh is heat resistant. (rF+) [potion of mutation]
  3165 | D:4      | Gained mutation: Your magical capacity is low. (-10% MP) [potion of mutation]
  3165 | D:4      | Gained mutation: You are robust. (+10% HP) [potion of mutation]
  3187 | D:4      | Became a worshipper of Vehumet
  3364 | D:4      | Found Userch's Jewellery Boutique.
  3410 | D:4      | Learned a level 3 spell: Dazzling Spray
  3415 | D:4      | Learned a level 4 spell: Fulminant Prism
  3640 | D:4      | Reached XP level 6. HP: 36/36 MP: 13/13
  4106 | D:5      | Entered Level 5 of the Dungeon
  4129 | D:5      | Reached skill level 1 in Fighting
  4163 | D:5      | Found Waudau's Magic Scroll Shop.
  4291 | D:5      | Found a shadowy altar of Dithmenos.
  4315 | D:5      | Reached skill level 5 in Spellcasting
  4427 | D:5      | Reached XP level 7. HP: 32/41 MP: 11/15
  4508 | D:5      | Learned a level 4 spell: Force Lance
  5075 | D:6      | Found a staircase to the Ecumenical Temple.
  5485 | D:6      | Found a runed gate.
  5490 | D:6      | Found a runed door.
  5496 | D:6      | Found a runed gate.
  5496 | D:6      | Found a runed gate.
  5501 | D:6      | Found a runed door.
  5507 | D:6      | Reached skill level 1 in Hexes
  5533 | D:6      | HP: 2/41 [poisoned by a water moccasin]
  5536 | D:6      | Succumbed to a water moccasin's poison

Skill      XL: |  1  2  3  4  5  6  7 |
---------------+----------------------+-----
Conjurations   | 5 6 |  6.9
Slings         | 1 2 3 |  3.4
Spellcasting   | 4 5 6 |  6.0
Stealth        | 3 |  3.6
Dodging        | 3 |  3.4
Fighting       | 1 |  1.5
Hexes          | 1 |  1.0

Action                   |  1- 3 |  4- 6 |  7- 9 || total
-------------------------+-------+-------+-------++-------
Melee: Unarmed           |     4 |       |       ||     4
 Fire: Hunting sling     |    26 |    64 |     8 ||    98
 Cast: Magic Dart        |    79 |    88 |    41 ||   208
       Searing Ray       |     1 |     1 |     4 ||     6
       Dazzling Spray    |       |     2 |     6 ||     8
  Use: Scroll            |     3 |       |     2 ||     5
       Potion            |       |     4 |     2 ||     6
  Eat: Chunk             |     2 |     4 |     4 ||    10
       Bread ration      |       |     1 |       ||     1
Armor: Robe              |     2 |     9 |     8 ||    19
Dodge: Dodged            |    13 |    42 |    21 ||    76
